 Dungeon Crawl Stone Soup version 0.19-b1-4-gd8a0a2a (webtiles) character file.

15975 tv1990 the Cleaver (level 12, -1/106 HPs)
             Began as a Formicid Monk on Oct 30, 2016.
             Was the Champion of Okawaru.
             Slain by a five-headed hydra (2 damage)
             ... on level 11 of the Dungeon.
             The game lasted 00:39:25 (11885 turns).

tv1990 the Cleaver (Formicid Monk)                 Turns: 11885, Time: 00:39:25

Health: -1/106     AC: 18    Str: 20    XL:     12   Next: 64%
Magic:  17/17      EV: 16    Int: 12    God:    Okawaru [******]
Gold:   612        SH:  0    Dex: 17    Spells: 0 memorised, 11 levels left

rFire  . . .     SeeInvis +     C - +2 whip (elec)
rCold  . . .     Gourm    .     h - +4 ring mail "Raser" {Str+2}
rNeg   . . .     Faith    .     (no shield)
rPois  .         Spirit   .     (helmet unavailable)
rElec  .         Reflect  .     j - +0 cloak
rCorr  .         Harm     .     (no gloves)
MR     +....                    u - +1 pair of boots
Stlth  ++........               (no amulet)
                                (no ring)
                                b - +3 ring of strength

@: confused, heroism
A: permanent stasis, dig shafts and tunnels, four strong arms, antennae 3,
yellow scales 1, low mp 1, robust 1
a: Dig, Shaft Self, Heroism, Finesse, Renounce Religion


You were on level 11 of the Dungeon.
You worshipped Okawaru.
Okawaru was exalted by your worship.
You were hungry.

You visited 2 branches of the dungeon, and saw 13 of its levels.
You also visited: Ossuary.

You collected 849 gold pieces.
You spent 237 gold pieces at shops.

Inventory:

Hand Weapons
 m - the +4 Vampire's Tooth {vamp}
   (You found it on level 4 of the Dungeon)

   It inflicts no extra harm, but heals its wielder when it wounds a living foe.
 A - a +5 battleaxe of chopping
 C - a +2 whip of electrocution (weapon)
Missiles
 f - a javelin (quivered)
Armour
 h - the +4 ring mail "Raser" (worn) {Str+2}
   (Okawaru gifted it to you on level 11 of the Dungeon)

   It affects your strength (+2).
 j - a +0 cloak (worn)
 q - +2 ice dragon scales
 u - a +1 pair of boots (worn)
 M - a +3 chain mail of magic resistance
Jewellery
 b - a +3 ring of strength (left hand)
Wands
 g - a wand of acid (7/15)
 t - a wand of acid (4/15)
 z - a wand of iceblast (7/15)
 B - a wand of paralysis (8/24)
 L - a wand of disintegration (13/24)
Scrolls
 k - 6 scrolls of remove curse
 l - a scroll of amnesia
 p - 3 scrolls of fog
 s - a scroll of fear
Potions
 d - a potion of might {unknown}
 e - 2 potions of curing
 i - 4 potions of agility
 n - a potion of resistance
 r - a potion of cure mutation
 w - 2 potions of brilliance
 x - 2 potions of ambrosia
 I - 2 potions of lignification
Comestibles
 a - 19 chunks of flesh
 c - 7 bread rations
 o - 2 beef jerkies
 v - 6 meat rations
 D - 7 slices of pizza


   Skills:
 + Level 9.7(14.7) Fighting
 * Level 12.1(17.1) Axes
 + Level 8.7(13.7) Armour
 - Level 2.6(7.6) Dodging
 - Level 10.1(15.1) Stealth
 - Level 9.5 Invocations


You had 11 spell levels left.
You didn't know any spells.

Dungeon Overview and Level Annotations

Branches:
Dungeon (12/15)            Temple (1/1) D:4            Lair (0/6) D:11
    Orc: D:9-12

Altars:
Ashenzari
Cheibriados
Dithmenos
Elyvilon
Fedhas
Hepliaklqana
Okawaru
Qazlal
Ru
Sif Muna
Trog
Uskayaw
Vehumet
Xom
Yredelemnul
Zin

Shops:
D:4 (   D:5 *


Innate Abilities, Weirdness & Mutations

You are under a permanent stasis effect.
You can dig through walls and to a lower floor.
Your four strong arms can wield two-handed weapons with a shield.
You have a pair of large antennae on your head. (SInv)
You are partially covered in yellow scales. (AC +2)
Your magical capacity is low. (-10% MP)
You are robust. (+10% HP)


Message History

The five-headed hydra bites you!
* * * LOW HITPOINT WARNING * * *
You are confused.
You feel invigorated.
The five-headed hydra bites you but does no damage.
The five-headed hydra bites you.
* * * LOW HITPOINT WARNING * * *
The five-headed hydra bites you but does no damage.
The five-headed hydra bites you.
* * * LOW HITPOINT WARNING * * *
The five-headed hydra closely misses you.
You bump into the rock wall.
The five-headed hydra bites you but does no damage.
The five-headed hydra bites you.
* * * LOW HITPOINT WARNING * * *
The five-headed hydra bites you but does no damage.
The five-headed hydra bites you!
* * * LOW HITPOINT WARNING * * *
The five-headed hydra bites you.
You die...

..# ######'## #######.#....###
..#####.......# ##.........####
..'...).......# #..#####.###
..#####.......###.## #.# ..#
#....Y..'...# #.# ###
##..Y.Y..##### #.##
.≈≈≈≈≈≈≈...Y.## #..##
≈≈≈≈≈≈≈.D{.≈(# ### ##..##
≈≈≈≈≈≈≈≈.≈≈..# #@## ##..#
≈≈≈≈≈≈.≈≈≈Y.{# ##D# #######'##
≈≈≈≈≈≈≈≈≈≈...###{## #........#
.≈.≈≈.≈≈≈≈......### #........#
≈....≈≈≈≈≈≈≈.##...###.......<# #
...>..≈≈≈≈...####...'........####
≈≈...≈≈≈.≈≈≈.# #####........#...
...≈..≈≈≈....# #........'.##
≈≈..≈≈≈≈.≈≈..# #........###


You could see a five-headed hydra.

Vanquished Creatures
  The ghost of teton the Severer, a journeyman MiBe of Trog (D:11)
  2 unseen horrors
  3 hill giants
  Pikel (D:6)
  An ugly thing (D:11)
  A cyclops (D:11)
  Psyche (D:9)
  3 trolls
  A hornet (D:11)
  A hippogriff (D:11)
  Sigmund (D:4)
  2 vampires (D:10)
  A water elemental (D:11)
  10 yaks (D:11)
  A human (D:11)
  3 hungry ghosts
  3 hogs (D:11)
  A water moccasin (D:7)
  An orc warrior (D:11)
  A slave (D:6)
  An ice beast (D:10)
  2 black bears
  A sky beast (D:7)
  A necrophage (D:10)
  2 wolves (D:11)
  3 ogres
  11 centaurs
  4 crocodiles
  5 bullfrogs
  3 big kobolds
  A wyvern skeleton (D:9)
  6 scorpions
  14 killer bees
  2 howler monkeys (D:10)
  2 vampire bats (D:4)
  An electric eel (D:11)
  3 crimson imps
  3 quasits
  3 bullfrog zombies
  4 centaur zombies
  3 bullfrog skeletons
  A gnoll shaman (D:6)
  12 hounds
  A jelly (D:10)
  9 orc priests
  3 centaur skeletons
  12 orc wizards
  Crazy Yiuf (D:4)
  Natasha (thrice) (D:4)
  2 iguanas
  5 worker ants
  A killer bee zombie (D:7)
  2 big kobold zombies (Ossuary)
  A hound zombie (D:5)
  2 mummies (Ossuary)
  A worker ant zombie (D:6)
  8 gnolls
  13 adders
  2 shadow imps
  An ooze (D:3)
  2 adder zombies (Ossuary)
  An adder skeleton (D:5)
  A worm (D:6)
  4 dart slugs
  7 leopard geckos
  38 orcs
  4 giant cockroaches
  2 gnoll zombies (Ossuary)
  12 goblins
  7 hobgoblins
  8 jackals
  5 quokkas
  4 ball pythons
  13 bats
  7 frilled lizards
  5 hobgoblin zombies (Ossuary)
  A jackal skeleton (D:6)
  26 kobolds
  6 kobold zombies (Ossuary)
  8 orc zombies (Ossuary)
  2 quokka zombies
  11 rats
368 creatures vanquished.

Notes
Turn   | Place    | Note
-------+----------+-------------------------------------------
     0 | D:1      | tv1990 the Formicid Monk began the quest for the Orb.
     0 | D:1      | Reached XP level 1. HP: 18/18 MP: 1/1
    83 | D:1      | Reached XP level 2. HP: 13/24 MP: 2/2
   409 | D:1      | Reached skill level 1 in Armour
   470 | D:1      | Reached XP level 3. HP: 29/29 MP: 3/3
   571 | D:1      | You fall through a shaft!
   603 | D:2      | Found a deep blue altar of Sif Muna.
   984 | D:2      | Reached XP level 4. HP: 36/37 MP: 4/4
   988 | D:2      | Reached skill level 4 in Axes
  1526 | D:3      | Reached XP level 5. HP: 24/42 MP: 5/5
  1644 | D:3      | Found a glowing silver altar of Zin.
  1812 | D:3      | Reached XP level 6. HP: 29/49 MP: 6/6
  2108 | D:3      | Reached skill level 5 in Axes
  2669 | D:4      | Found a staircase to the Ecumenical Temple.
  2678 | Temple   | Entered the Ecumenical Temple
  2732 | Temple   | Became a worshipper of Warmaster Okawaru
  2732 | Temple   | Reached * piety under Okawaru
  2732 | Temple   | Reached ** piety under Okawaru
  2795 | D:4      | Reached XP level 7. HP: 55/55 MP: 7/7
  2906 | D:4      | Noticed Natasha
  2913 | D:4      | Reached skill level 5 in Stealth
  2917 | D:4      | Killed Natasha
  3031 | D:4      | Noticed Natasha
  3039 | D:4      | Killed Natasha
  3087 | D:4      | Noticed Natasha
  3092 | D:4      | Killed Natasha
  3107 | D:4      | Noticed Sigmund
  3142 | D:4      | Killed Sigmund
  3142 | D:4      | Reached XP level 8. HP: 33/61 MP: 5/8
  3275 | D:4      | Found a runed door.
  3359 | D:4      | Found Massiviy's Antique Weapon Shop.
  3548 | D:4      | Noticed Crazy Yiuf
  3550 | D:4      | Killed Crazy Yiuf
  3747 | D:5      | Entered Level 5 of the Dungeon
  3750 | D:5      | Found Yruc's Elemental Accessories.
  4037 | D:5      | Reached *** piety under Okawaru
  4327 | D:4      | Bought a glowing battleaxe for 237 gold pieces
  4388 | D:5      | Reached skill level 10 in Stealth
  4442 | D:5      | Reached skill level 1 in Invocations
  4646 | D:5      | Reached XP level 9. HP: 66/67 MP: 9/11
  5241 | D:6      | Reached skill level 5 in Invocations
  5546 | D:6      | Found a shimmering altar of Xom.
  5580 | D:6      | Found a snail-covered altar of Cheibriados.
  5806 | D:6      | Noticed Pikel
  5828 | D:6      | Killed Pikel
  5828 | D:6      | Reached **** piety under Okawaru
  5828 | D:6      | Reached skill level 5 in Fighting
  5828 | D:6      | Reached skill level 6 in Axes
  6042 | D:6      | Found a stormy altar of Qazlal.
  6065 | D:6      | Found a white marble altar of Elyvilon.
  6488 | D:7      | Found a sand-covered staircase.
  6497 | Ossuary  | Entered an ossuary
  6829 | D:7      | Noticed a troll
  6847 | D:7      | Killed a troll
  6852 | D:7      | Reached skill level 7 in Axes
  6852 | D:7      | Reached XP level 10. HP: 65/76 MP: 15/15
  7172 | D:7      | Gained mutation: Your magical capacity is low. (-10% MP) [mutagenic meat]
  7173 | D:7      | Gained mutation: You are robust. (+10% HP) [mutagenic meat]
  7321 | D:7      | Found a blossoming altar of Fedhas.
  7328 | D:7      | Found a radiant altar of Vehumet.
  7329 | D:7      | Found a bloodstained altar of Trog.
  7331 | D:7      | Found a basalt altar of Yredelemnul.
  7555 | D:8      | Reached skill level 5 in Armour
  7827 | D:8      | Reached skill level 8 in Axes
  8465 | D:9      | Reached ***** piety under Okawaru
  8619 | D:9      | Found a shadowy altar of Dithmenos.
  8628 | D:9      | Noticed Psyche
  8640 | D:9      | Killed Psyche
  8798 | D:9      | Found a hide-covered altar of Uskayaw.
  8935 | D:10     | Entered Level 10 of the Dungeon
  9151 | D:10     | Noticed an unseen horror
  9158 | D:10     | Killed an unseen horror
  9158 | D:10     | Received a gift from Okawaru
  9158 | D:10     | Reached skill level 9 in Axes
  9158 | D:10     | Reached XP level 11. HP: 86/92 MP: 15/15
  9448 | D:10     | Noticed a hill giant
  9461 | D:10     | Killed a hill giant
  9634 | D:11     | Reached skill level 10 in Axes
  9659 | D:11     | Noticed teton's ghost (journeyman MiBe)
  9668 | D:11     | You fall through a shaft!
  9997 | D:12     | Noticed an unseen horror
 10008 | D:12     | Killed an unseen horror
 10387 | D:11     | Gained mutation: You are partially covered in yellow scales. (AC +2) [potion of beneficial mutation]
 10427 | D:11     | Noticed a hill giant
 10466 | D:11     | Killed a hill giant
 10710 | D:11     | Killed teton's ghost
 10832 | D:11     | Reached XP level 12. HP: 90/103 MP: 17/17
 10882 | D:11     | Reached skill level 11 in Axes
 10918 | D:11     | Found a staircase to the Lair.
 11313 | D:11     | Reached ****** piety under Okawaru
 11487 | D:11     | Received a gift from Okawaru
 11488 | D:11     | Got a crude ring mail {god gift}
 11499 | D:11     | Identified the +4 ring mail "Raser" {Str+2} (Okawaru gifted it to you on level 11 of the Dungeon)
 11784 | D:11     | Reached skill level 12 in Axes
 11854 | D:11     | Noticed a five-headed hydra
 11885 | D:11     | HP: 1/106 [five-headed hydra (10)]
 11885 | D:11     | Slain by a five-headed hydra

Skill      XL: |  1  2  3  4  5  6  7  8  9 10 11 12 |
---------------+-------------------------------------+-----
Armour         | 1 2 3 4 6 7 8 |  8.7
Axes           | 4 5 7 9 10 12 | 12.1
Fighting       | 4 5 7 8 9 |  9.7
Stealth        | 3 7 10 | 10.1
Invocations    | 3 7 8 9 |  9.5
Dodging        | |  2.6

Action                   |  1- 3 |  4- 6 |  7- 9 | 10-12 || total
-------------------------+-------+-------+-------+-------++-------
Melee: Hand axe          |   121 |   163 |       |       ||   284
       War axe           |       |    78 |   178 |       ||   256
       Battleaxe         |       |       |   193 |   501 ||   694
       Punch             |       |       |       |     2 ||     2
Throw: Javelin           |       |       |     1 |    25 ||    26
Invok: Heroism           |       |       |     4 |     9 ||    13
       Finesse           |       |       |       |     1 ||     1
 Abil: Dig               |     1 |     3 |    10 |     8 ||    22
       Shaft Self        |       |       |       |     1 ||     1
Evoke: Wand              |       |       |       |     3 ||     3
  Use: Scroll            |     5 |     2 |    11 |     4 ||    22
       Potion            |       |     2 |       |     8 ||    10
 Stab: Sleeping          |       |       |     6 |     9 ||    15
       Distracted        |       |       |     1 |       ||     1
  Eat: Chunk             |       |     8 |    12 |    30 ||    50
       Beef jerky        |       |       |     1 |     1 ||     2
Armor: Plate armour      |    99 |   224 |   110 |       ||   433
       Skin              |       |    42 |       |       ||    42
       Ice dragon scales |       |       |   119 |   364 ||   483
       Ring mail         |       |       |       |    41 ||    41
Dodge: Dodged            |    37 |    81 |   159 |   312 ||   589

Table legend:
 A = Turns spent in this place as a percentage of turns spent in the entire game.
 B = Non-inter-level travel turns spent in this place as a percentage of non-inter-level travel turns spent in the entire game.
 C = Inter-level travel turns spent in this place as a percentage of turns spent in this place.
 D = Turns resting spent in this place as a percentage of non-inter-level travel turns spent in this place.
 E = Turns spent auto-exploring this place as a percentage of non-inter-level travel turns spent in this place.
 F = Non-inter-level travel turns spent in this place divided by the number of levels of this place that you've seen.
                   A       B       C       D       E      F
               +-------+-------+-------+-------+-------+----------------------
         Total | 100.0 | 100.0 |   0.6 |   4.2 |  14.9 | 231.1
       Dungeon |  95.9 |  95.9 |   0.6 |   4.2 |  14.5 | 258.7
        Temple |   0.7 |   0.7 |   0.0 |   0.0 |  13.0 |  23.0
       Ossuary |   3.3 |   3.4 |   0.0 |   3.7 |  27.5 | 109.0
               +-------+-------+-------+-------+-------+----------------------

Table legend:
 A = Kills in this place as a percentage of kills in entire the game.
 B = Kills by you in this place as a percentage of kills by you in the entire game.
 C = Kills by friends in this place as a percentage of kills by friends in the entire game.
 D = Other kills in this place as a percentage of other kills in the entire game.
 E = Experience gained in this place as a percentage of experience gained in the entire game.
 F = Experience gained in this place divided by the number of levels of this place that you have seen.
                   A       B       C       D       E      F
               +-------+-------+-------+-------+-------+----------------------
         Total | 100.0 | 100.0 |  -nan |  -nan | 100.0 | 1630.1
       Dungeon |  92.6 |  92.6 |  -nan |  -nan |  99.5 | 1891.8
       Ossuary |   7.4 |   7.4 |  -nan |  -nan |   0.5 | 120.0
               +-------+-------+-------+-------+-------+----------------------

Vault maps used:
D:1:      nicolae_arrival_memento_mori
D:2:      general_overflow_altar, first_bread
D:3:      lemuel_crystal_altar
D:4:      serial_shops, nicolae_shop_overgrown_old_shop,
          minmay_guarded_unrand_vampires_tooth, uniq_sigmund, uniq_natasha,
          uniq_crazy_yiuf_cottage
D:5:      nicolae_elemental_shop
D:6:      slow_altar_1, nicolae_overflow_hidden_temple, uniq_pikel
D:7:      cheibrodos_helix_gallery, minitemple, nicolae_ossuary_entry_ruins,
          kennysheep_generic_room_5
D:9:      eat_drink_and_be_merry_uskayaw,
          nicolae_dithmenos_through_a_glass_darkly,
          hangedman_abyss_or_decor_stabs, uniq_psyche
D:11:     erik_lair_island, grunt_livestock
D:12:     hiddenorc2_lemuel, kennysheep_nub, xom_redecorated
Temple:   nicolae_temple_figure_zero
Ossuary:  ossuary_tomb_2
